 Dungeon Crawl Stone Soup version 0.26-a0-491-g70697cc071 (webtiles) character file.

Game seed: 7001400261639024437

0 Gargoyl the Skirmisher (level 1, -3/23 HPs)
             Began as a Gnoll Abyssal Knight on Aug 5, 2020.
             Was a Follower of Lugonu.
             Slain by an ancient zyme (10 damage)
             ... on level 1 of the Abyss.
             The game lasted 00:00:13 (67 turns).

Gargoyl the Skirmisher (Gnoll Abyssal Knight)         Turns: 67, Time: 00:00:14

Health: -3/23      AC:  3    Str: 14    XL:     1   Next: 0%
Magic:  3/3        EV: 12    Int: 14    God:    Lugonu [*.....]
Gold:   0          SH:  0    Dex: 14    Spells: 0/0 levels left

rFire    . . .     SeeInvis .   a - +1 hand axe
rCold    . . .     Faith    .   (no shield)
rNeg     . . .     Spirit   .   b - +0 leather armour
rPois    .         Reflect  .   (no helmet)
rElec    .         Harm     .   (no cloak)
rCorr    .                      (no gloves)
MR       .....                  (no boots)
Stlth    +.........             (no amulet)
HPRegen  0.00/turn              (no ring)
MPRegen  0.08/turn              (no ring)

@: non-regenerating, diseased
A: distributed training, fangs 1, strong nose
a: Depart the Abyss, Renounce Religion


You were on level 1 of the Abyss.
You worshipped Lugonu.
Lugonu was aware of your devotion.
You visited 0 branches of the dungeon, and saw 0 of its levels.
You visited the Abyss 1 time.

Inventory:

Hand Weapons
 a - a +1 hand axe (weapon)
Armour
 b - a +0 leather armour (worn)
 c - a +0 ring mail


   Skills:
 + Level 6.4 Fighting
 + Level 0.0 Short Blades
 + Level 0.0 Long Blades
 + Level 4.4 Axes
 + Level 0.0 Maces & Flails
 + Level 0.0 Polearms
 + Level 0.0 Staves
 + Level 0.0 Slings
 + Level 0.0 Bows
 + Level 0.0 Crossbows
 + Level 0.0 Throwing
 + Level 4.4 Armour
 + Level 2.3 Dodging
 + Level 0.0 Stealth
 + Level 0.0 Shields
 + Level 0.0 Unarmed Combat
 + Level 0.0 Spellcasting
 + Level 0.0 Conjurations
 + Level 0.0 Hexes
 + Level 0.0 Summonings
 + Level 0.0 Necromancy
 + Level 0.0 Translocations
 + Level 0.0 Transmutations
 + Level 0.0 Fire Magic
 + Level 0.0 Ice Magic
 + Level 0.0 Air Magic
 + Level 0.0 Earth Magic
 + Level 0.0 Poison Magic
 + Level 4.4 Invocations
 + Level 0.0 Evocations


You couldn't memorise any spells.
You didn't know any spells.
Your spell library was empty.

Dungeon Overview and Level Annotations

Branches:
Dungeon (0/15)

Altars:


Innate Abilities, Weirdness & Mutations

Your experience applies equally to all skills.
You have very sharp teeth.
Your uncanny sense of smell can sniff out nearby items.


Message History

Keep disrobing? [Y]es or [N]o only, please.
Keep disrobing?
You stop removing your armour.
Tentacles burst from the starspawn's body! 2 starspawn tentacles come into view.
An ancient zyme comes into view.
You feel yourself growing ill in the presence of the ancient zyme.
You feel ill.
A tentacle flies out from the starspawn's body!
You feel ill.
Found a gateway leading deeper into the Abyss.
A starspawn tentacle comes into view.
An iron imp comes into view.
The iron imp shouts, "Scamper away, thou yeasty weeb-spouting mammet!"
The ancient zyme hits you but does no damage.
The ancient zyme hits you!
There is a gateway leading deeper into the Abyss here.
The ancient zyme hits you! x2
You die...

#.# ..# . ..
#. ##.## ###
#.#.... #..
.5...#####.#
##...#...##
#.#..##@..#
#.....x#..#
.##....##.#..#
.##.. .######
##.#####..# .
..#...#.#
#.....#.. #.#
..#...##. # #
. #..##.## .
##.#


You could see an ancient zyme.

Vanquished Creatures (others)
  4 starspawn tentacles (Abyss:1)
4 creatures vanquished.

Notes
Turn   | Place    | Note
-------+----------+-------------------------------------------
     0 | Abyss:1  | Gargoyl the Gnoll Abyssal Knight began the quest for the
                  | Orb.
     0 | Abyss:1  | Reached XP level 1. HP: 23/23 MP: 3/3
    45 | Abyss:1  | Noticed a tentacled starspawn
    51 | Abyss:1  | Noticed an ancient zyme
    63 | Abyss:1  | Noticed an iron imp
    67 | Abyss:1  | Slain by an ancient zyme

Illustrated notes

Levels and vault maps discovered:
Abyss:1

Action                   || total
-------------------------++-------
Armor: Leather armour    ||     1

Table legend: (Time is in decaauts)
 A = Elapsed time spent in this place.
 B = Non-inter-level travel time spent in this place.
 C = Inter-level travel time spent in this place.
 D = Time resting spent in this place.
 E = Time spent auto-exploring this place.
 F = Levels seen in this place.
 G = Mean time per level.
                   A        B        C        D        E       F      G
               +--------+--------+--------+--------+--------+-----+--------+
         Total |     67 |     67 |      0 |      0 |     38 |   1 |   67.0 |
         Abyss |     67 |     67 |      0 |      0 |     38 |   1 |   67.0 |
               +--------+--------+--------+--------+--------+-----+--------+

Top non-repeatable levels by time:
 Abyss:1: 67 daAuts
